 Dungeon Crawl Stone Soup version 0.18-a0-1211-g828307d (webtiles) character file.

479287 M4edhros the Evocator (level 24, 0/240 (244) HPs)
             Began as an Octopode Artificer on Jan 31, 2016.
             Was a Priest of Fedhas.
             Slain by a vampire knight
             ... wielding a +1 long sword
              (9 damage)
             ... while paralysed by a vampire knight
             ... on level 3 of the Depths on Feb 2, 2016.
             The game lasted 05:26:03 (58004 turns).

M4edhros the Evocator (Octopode Artificer)         Turns: 58004, Time: 05:26:03

HP:   0/240 (244)   AC: 27    Str: 30    XL:     24   Next: 50%
MP:   0/52          EV:  2    Int: 26    God:    Fedhas [***...]
Gold: 4186          SH:  0    Dex: 15    Spells: 4 memorised, 25 levels left

rFire  . . .     SeeInvis .     P - +9 rod of inaccuracy (8/17)
rCold  . . .     Gourm    .     S - +5 shield {reflect}
rNeg   + . .     Faith    .     (helmet restricted)
rPois  ∞         Spirit   +     y - amulet of guardian spirit
rElec  +         Dismiss  .     v - +5 ring of dexterity
rCorr  +         Reflect  +     Q - ring "Ywed" {rCorr Dex+5}
SustAt .         Harm     .     H - +5 ring of evasion
MR     +....                    d - ring of Ryghazua {rElec Str+8 Slay+1 Stlth+}
Stlth  ++++++++..               s - ring "Wosorhyr" {MP+9 Str+10 Dex-4}
                                g - ring of wizardry
                                q - ring of wizardry
                                O - +4 ring of protection

@: paralysed, about to teleport, statue-form, studying Throwing, deflect
missiles, somewhat resistant to hostile enchantments, extraordinarily stealthy
A: almost no armour, amphibious, 8 rings, constrict 8, antennae 1, large bone
plates 2, rough black scales 1, camouflage 1, high mp 1, robust 1, (gelatinous
body 0)
a: End Transformation, Evolution, Sunlight, Growth, Renounce Religion
}: 3/15 runes: decaying, serpentine, silver


You were on level 3 of the Depths.
You worshipped Fedhas.
Fedhas was most pleased with you.
You were not hungry.
You were a stone statue.
You visited 10 branches of the dungeon, and saw 46 of its levels.
You also visited: Labyrinth and Bailey.

You collected 6301 gold pieces.
You spent 2115 gold pieces at shops.

Inventory:

Hand Weapons
 e - a +5 blowgun
 t - a +9 hunting sling of evasion
 J - the +3 Elemental Staff {rElec rF++ rC++ MR++ AC+5}
   (You found it on level 3 of the Elven Halls)

   It affects your AC (+5).
   It greatly protects you from fire.
   It greatly protects you from cold.
   It insulates you from electricity.
   It affects your resistance to hostile enchantments.
Missiles
 j - 10 steel sling bullets
 p - 707 stones (quivered)
 A - 242 sling bullets
 C - 22 curare-tipped needles
Armour
 S - a +5 shield of reflection (worn)
Magical Staves
 K - an uncursed staff of energy
Rods
 P - a +9 rod of inaccuracy (8/17) (weapon)
   (You found it on level 2 of the Lair of Beasts)
Jewellery
 d - the ring of Ryghazua (on tentacle) {rElec Str+8 Slay+1 Stlth+}
   (You bought it in a shop on level 2 of the Orcish Mines)

   [ring of slaying]

   It affects your strength (+8).
   It affects your accuracy and damage with ranged weapons and melee attacks
   (+1).
   It insulates you from electricity.
   It makes you more stealthy.
 g - a ring of wizardry (on tentacle)
 q - a ring of wizardry (on tentacle)
 s - the ring "Wosorhyr" (on tentacle) {MP+9 Str+10 Dex-4}
   (You took it off a deep elf elementalist on level 3 of the Elven Halls)

   [ring of magical power]

   It affects your strength (+10).
   It affects your dexterity (-4).
   It affects your magic capacity (+9).
 v - a +5 ring of dexterity (left tentacle)
 w - the ring "Tewacril" {rPois rN+ Int+3}
   (You took it off a deep elf annihilator on level 3 of the Elven Halls)

   [ring of poison resistance]

   It affects your intelligence (+3).
   It protects you from poison.
   It protects you from negative energy.
 y - an amulet of guardian spirit (around mantle)
 D - an uncursed ring of stealth
 H - a +5 ring of evasion (on tentacle)
 N - a cursed ring of wizardry
 O - a +4 ring of protection (on tentacle)
 Q - the ring "Ywed" (right tentacle) {rCorr Dex+5}
   (You found it on level 8 of the Lair of Beasts)

   [ring of resist corrosion]

   It affects your dexterity (+5).
Wands
 c - a wand of enslavement (1/24)
 h - a wand of confusion (31/48)
 z - a wand of heal wounds (3/9)
 G - a wand of acid (6/15)
 X - a wand of teleportation (4/9)
 Y - a wand of iceblast (6/15)
Scrolls
 i - 4 scrolls of magic mapping
 k - 20 scrolls of teleportation
 r - 5 scrolls of identify
 u - 5 scrolls of blinking
 B - 6 scrolls of fog
 R - 6 scrolls of fear
Potions
 a - 8 potions of might
 b - a potion of invisibility
 o - 6 potions of haste
 x - 11 potions of curing
 L - 4 potions of resistance
 T - 3 potions of agility
 W - 4 potions of heal wounds
Books
 M - a manual of Throwing
Miscellaneous
 n - a phial of floods
 E - a fan of gales
 I - a phantom mirror
 V - a legendary deck of summoning {the Elements}
 Z - a box of beasts
Comestibles
 f - 17 bread rations
 l - 26 fruits
 m - 11 slices of pizza


   Skills:
 + Level 15.8 Fighting
   Level 1.0 Short Blades
 - Level 4.1 Staves
 - Level 10.4(10.7) Slings
 + Level 4.0(7.8) Throwing
 - Level 10.4 Dodging
 - Level 16.9 Stealth
 - Level 12.7 Shields
 + Level 12.1 Spellcasting
 * Level 3.7 Conjurations
 - Level 12.0 Charms
 - Level 10.4 Transmutations
 - Level 8.0 Air Magic
 - Level 12.6 Earth Magic
 + Level 13.5 Invocations
 * Level 21.6 Evocations


You had 25 spell levels left.
You knew the following spells:

 Your Spells              Type           Power        Failure   Level  Hunger
a - Leda's Liquefaction   Hex/Erth       #####.....   1%          4    None
b - Deflect Missiles      Chrm/Air       ######....   4%          6    #####..
c - Statue Form           Trmt/Erth      ######...    2%          6    #####..
d - Iron Shot             Conj/Erth      ######....   8%          6    #####..


Dungeon Overview and Level Annotations

Branches:
Dungeon (15/15)            Temple (1/1) D:5            Lair (8/8) D:11
  Swamp (4/4) Lair:3        Snake (4/4) Lair:4        Slime (0/6) Lair:8
    Orc (2/2) D:12            Elf (3/3) Orc:2        Vaults (5/5) D:14
  Crypt (0/3) Vaults:2     Depths (3/5) D:15           Hell (1/1)
    Dis: Hell:1         Geh: Hell:1         Coc: Hell:1         Tar: Hell:1

Altars:
Ashenzari
Cheibriados
Dithmenos
Elyvilon
Fedhas
Gozag
Kikubaaqudgha
Makhleb
Nemelex Xobeh
Okawaru
Pakellas
Qazlal
Ru
Sif Muna
Trog
Vehumet
Xom
Yredelemnul
Zin
The Shining One

Shops:
D:4 (   D:6 (![(   D:8 (   D:9 =   D:13 =   Orc:2 =!*(   Elf:1 *   Snake:4 *
Vaults:3 [

Portals:
Hell: Depths:1 Depths:2
Pandemonium: Depths:2
Ziggurat: Depths:1

Annotations:
Depths:1 exclusions: daeva and 1 more exclusion
Hell Geryon


Innate Abilities, Weirdness & Mutations

You cannot wear most types of armour.
You are amphibious.
You can wear up to eight rings at the same time.
You can use your tentacles to constrict eight enemies at once.
Your skin changes colour to match your surroundings (Stealth).
((Your rubbery body absorbs attacks (AC +1).))
You have a pair of small antennae on your head.
(You are mostly covered in large bone plates (AC +3, SH +3).)
(You are partially covered in rough black scales (AC +4, Dex -1).)
You have an increased reservoir of magic (+10% MP).
You are robust (+10% HP).


Message History

The stone giant hits you!
The green very ugly thing barely misses you.
The white very ugly thing punches you.
The white very ugly thing freezes you!!!
The vampire knight hits you with an enchanted long sword!!
The vampire knight bites you but does no damage.
The white very ugly thing bites you!
The white very ugly thing freezes you!!!
* * * LOW HITPOINT WARNING * * *
The stone giant hits you!
* * * LOW HITPOINT WARNING * * *
The white very ugly thing punches you.
* * * LOW HITPOINT WARNING * * *
The white very ugly thing freezes you!!
* * * LOW HITPOINT WARNING * * *
The green very ugly thing gores you but does no damage.
The vampire knight hits you but does no damage.
The vampire knight bites you!
You die...
Fedhas appreciates your contribution to the ecosystem.

#....≈≈=.(............#
#..≈≈≈≈.....≈≈≈.....#..
#......?)....≈≈|.#### .
##(......f...≈≈≈.#
#..(.........≈≈≈.#
...≈≈(...(....≈≈..#
......(...........#
.....(.V.(.......#
..###.Cu8..#.#..##
≈.....DuuC.###.##
≈.......u......#
≈≈........≈≈..).
≈≈......(≈≈≈≈≈..
≈≈......≈≈≈≈≈≈..
≈≈......≈≈≈≈≈≈..
≈≈...(....≈≈≈≈.. ..V
#..


You could see 3 very ugly things, a fire giant, a fire dragon, a stone giant, a
vampire knight, a white ugly thing and a friendly wandering mushroom.

Vanquished Creatures
  Mara (Swamp:4)
  Norris (Snake:3)
  Saint Roka (Depths:2)
  A caustic shrike (shapeshifter) (Vaults:1)
  2 liches
  Jorgrun (Swamp:2)
  Asterion (Elf:1)
  2 deep elf master archers (Elf:3)
  A quicksilver dragon (Depths:3)
  3 deep elf blademasters
  3 sphinxes
  An ancient champion (Depths:2)
  Frances (D:14)
  3 shadow dragons (Vaults:5)
  Roxanne (Swamp:2)
  2 tengu reavers (Vaults:5)
  Wiglaf (Depths:2)
  6 greater nagas (Snake:4)
  Donald (Elf:2)
  2 fire giants
  A frost giant (Depths:3)
  9 deep elf sorcerers
  4 deep elf elementalists (Elf:3)
  20 vault wardens
  8 ironheart preservers
  5 very ugly things
  9 stone giants
  8 deep elf demonologists
  A vampire knight (Depths:2)
  Nessos (D:12)
  A large abomination (Vaults:2)
  Azrael (D:12)
  4 spark wasps (Depths:2)
  10 deep elf annihilators
  An ettin (shapeshifter) (Vaults:5)
  5 ettins
  Snorg (Lair:5)
  25 vault guards
  5 deep elf death magi
  A crystal guardian (Vaults:5)
  4 fire dragons
  Fannar (Lair:3)
  7 yaktaur captains
  5 great orbs of eyes
  2 rakshasas
  A minotaur (Lab)
  6 naga warriors
  5 ice dragons
  3 deep elf high priests
  A catoblepas (Lair:8)
  6 anacondas
  6 centaur warriors
  20 hydras
  A ghost crab (Swamp:3)
  2 spriggan air magi
  11 alligators
  11 ogre magi
  The ghost of Uberwunderbarhen the Nimble, a journeyman OpTm of Makhleb (Orc:1)
  A ghost crab (shapeshifter) (Vaults:3)
  2 death knights (Vaults:2)
  9 tengu warriors
  32 dancing weapons
  The ghost of Ijustatesigmund the Basher, a novice DsFi of Okawaru (D:9)
  4 deep troll earth magi
  10 naga sharpshooters
  4 deep troll shamans
  19 death yaks
  A spriggan berserker (Depths:2)
  8 shock serpents
  4 vampire magi
  Urug (D:13)
  5 soul eaters
  25 deep elf knights
  A fire crab (shapeshifter) (D:15)
  A sun demon (Depths:2)
  An iron troll (Depths:2)
  Sonja (Lair:4)
  7 skeletal warriors
  2 spriggan druids
  3 unseen horrors
  8 naga ritualists
  A giant orange brain (shapeshifter) (D:15)
  15 swamp dragons
  5 giant orange brains
  An unseen horror (shapeshifter) (Vaults:1)
  17 deep trolls
  4 flayed ghosts
  15 deep elf archers
  A lindwurm (shapeshifter) (D:15)
  A phantasmal warrior (Vaults:5)
  3 wizards
  9 orc knights
  A hill giant (D:12)
  8 ironbrand convokers
  4 necromancers
  An orb spider (shapeshifter) (Vaults:4)
  A wolf spider (Vaults:2)
  6 salamanders
  20 ugly things
  10 mana vipers
  2 manticores (D:15)
  3 orc sorcerers
  72 deep elf magi
  5 cyclopes
  10 griffons
  2 hornets
  2 frost giant skeletons
  A smoke demon (Depths:1)
  An elephant (shapeshifter) (Vaults:3)
  16 vault sentinels
  24 black mambas
  30 naga magi
  An octopode (shapeshifter) (Vaults:2)
  12 elephants
  A rust devil (Depths:2)
  A molten gargoyle (Depths:2)
  8 centaur skeletons
  8 spiny frogs
  An efreet (D:9)
  2 orange demons (Depths:2)
  2 torpor snails
  2 kobold demonologists
  An ice devil (Depths:2)
  44 yaktaurs
  A tormentor (Depths:2)
  A fire drake (Lair:7)
  8 komodo dragons
  3 hellwings (Depths:1)
  2 jumping spiders
  3 freezing wraiths
  5 red devils (Depths:1)
  6 tengu conjurers
  A troll (shapeshifter) (Vaults:1)
  2 queen bees (shapeshifter)
  2 trolls
  27 two-headed ogres
  2 giant leeches
  A two-headed ogre (shapeshifter) (Vaults:2)
  A harpy skeleton (D:15)
  19 blink frogs
  35 slime creatures
  A bog body (Swamp:3)
  3 wandering mushrooms
  3 boulder beetles
  An ettin skeleton (Vaults:3)
  4 human simulacra
  6 spriggans
  6 air elementals
  A wyvern (D:9)
  13 redbacks
  5 water elementals
  2 tarantellas
  2 shadows (Lab)
  4 wraiths
  9 fire elementals
  51 yaks
  Eustachio (D:6)
  2 basilisks (shapeshifter)
  6 hungry ghosts (Lab)
  A human (D:14)
  5 basilisks
  6 hippogriffs
  32 vampire mosquitoes
  15 wolves
  2 mottled dragons
  22 swamp worms
  12 insubstantial wisps
  36 nagas
  A warg (shapeshifter) (D:15)
  A harpy simulacrum (Vaults:1)
  3 wargs
  A naga (shapeshifter) (D:15)
  A deep troll skeleton (Vaults:4)
  6 water moccasins
  5 porcupines
  16 swamp drakes
  11 hell hounds
  2 black bears
  32 orc warriors
  3 sky beasts
  A black bear (shapeshifter) (Vaults:3)
  An elf zombie (Vaults:3)
  7 wasps
  A phantom (D:10)
  42 ogres
  5 boggarts
  A necrophage (D:4)
  18 centaurs
  3 big kobolds
  22 crocodiles
  14 giant frogs
  A gnoll sergeant (D:10)
  4 earth elementals
  4 human skeletons (Vaults:3)
  A scorpion (shapeshifter) (Vaults:5)
  2 scorpions
  A wyvern skeleton (D:15)
  12 killer bees
  A spriggan skeleton (Lab)
  3 wights (D:14)
  A troll skeleton (Lab)
  8 crimson imps
  4 lava snakes (Lab)
  2 jellies
  A centaur zombie (D:5)
  20 orc priests
  A yaktaur simulacrum (Vaults:1)
  3 giant frog zombies (D:5)
  2 giant frog skeletons
  5 hounds
  20 orc wizards
  A gnoll shaman (D:7)
  10 iguanas
  3 hell rats (Depths:2)
  8 worker ants
  24 sheep
  2 hound skeletons
  9 adders
  5 gnolls
  73 river rats
  4 shadow imps
  2 adder skeletons
  7 worms
  4 giant geckos
  91 orcs
  11 bats
  5 giant cockroaches
  5 goblins
  14 hobgoblins
  14 jackals
  25 kobolds
  6 quokkas
  2 ball pythons
  A ball python skeleton (D:4)
  4 giant newts
  10 rats
  7 ballistomycetes
  A butterfly (Lair:8)
  A crawling corpse (Vaults:2)
  21 giant spores
  2 hyperactive ballistomycetes (Vaults:5)
  A plant (Orc:2)
  4 toadstools
1812 creatures vanquished.

Vanquished Creatures (collateral kills)
  An ancient lich (Vaults:5)
  the Lernaean hydra (Swamp:4)
  2 golden dragons (Vaults:5)
  A lich (Vaults:5)
  4 tentacled monstrosities
  2 titans (Vaults:5)
  3 tengu reavers (Vaults:5)
  5 shadow dragons (Vaults:5)
  4 greater nagas (Snake:4)
  2 deep elf sorcerers
  4 vault wardens
  An orc warlord (Bailey)
  Aizul (Snake:1)
  3 ironheart preservers
  A deep elf elementalist (Vaults:5)
  A war gargoyle (Vaults:5)
  A deep elf annihilator (Vaults:5)
  A deep elf death mage (Vaults:2)
  A fire dragon (Depths:2)
  An ettin (Vaults:5)
  8 vault guards (Vaults:5)
  Josephine (Lair:6)
  2 ogre magi
  A yaktaur captain (Vaults:5)
  An entropy weaver (Depths:2)
  A rakshasa (Depths:3)
  Harold (D:12)
  2 hydras
  2 naga warriors (Snake:4)
  An anaconda (Snake:1)
  4 death yaks (Lair:8)
  A tengu warrior (Depths:2)
  A deep troll shaman (Depths:2)
  4 naga sharpshooters (Snake:4)
  2 shock serpents
  4 deep elf knights
  An iron troll (Depths:2)
  An unseen horror (D:13)
  2 skeletal warriors (Depths:2)
  2 deep trolls
  3 naga ritualists
  A flayed ghost (Vaults:5)
  A swamp dragon (Depths:2)
  2 ironbrand convokers (Vaults:5)
  4 deep elf archers
  2 phantasmal warriors (Vaults:5)
  A hill giant (Vaults:1)
  An orc knight (Orc:2)
  A wolf spider (Vaults:5)
  7 deep elf magi
  A cyclops (D:13)
  5 ugly things
  8 elephants
  3 vault sentinels
  4 black mambas
  3 naga magi (Snake:4)
  Psyche (D:9)
  9 spiny frogs
  2 yaktaurs
  A red devil (Depths:2)
  A fire drake (Lair:4)
  2 freezing wraiths (Vaults:5)
  2 tengu conjurers (Depths:2)
  A jumping spider (Vaults:5)
  A troll (D:7)
  Grinder (D:6)
  A giant leech (Swamp:2)
  A slime creature (Swamp:4)
  A blink frog (shapeshifter) (Vaults:5)
  7 blink frogs
  A shadow (D:13)
  A tarantella (Vaults:5)
  2 wraiths (Lair:6)
  2 spriggans
  A human (D:7)
  14 yaks
  3 hippogriffs
  5 vampire mosquitoes
  A fire elemental (D:12)
  2 wolves
  A hungry ghost (D:13)
  4 nagas
  A spatial vortex (D:6)
  A hell hound (Hell)
  6 swamp worms
  3 water moccasins
  A swamp drake (Swamp:4)
  7 porcupines
  3 ice beasts
  9 orc warriors
  2 wasps
  7 ogres
  2 scorpions
  4 boggarts (Depths:2)
  2 centaurs
  5 crocodiles
  A giant frog (Lair:7)
  8 killer bees
  A killer bee (shapeshifter) (Elf:1)
  4 wights (D:7)
  A crimson imp (D:12)
  5 centaur skeletons
  8 orc priests
  7 orc wizards
  4 iguanas
  3 hell rats (Depths:2)
  A worker ant (D:6)
  4 sheep
  2 wandering mushrooms (Snake:4)
  5 gnolls
  A river rat (shapeshifter) (Depths:2)
  16 river rats
  A shadow imp (D:10)
  A white imp (Hell)
  A giant gecko (D:7)
  18 orcs
  A goblin (Bailey)
  A giant gecko skeleton (D:6)
  2 butterflies
  28 giant spores
  A hyperactive ballistomycete (Elf:3)
375 creatures vanquished.

Vanquished Creatures (others)
  A fire giant (Vaults:5)
  A vault warden (Vaults:2)
  3 stone giants
  7 oklob plants
  A fire dragon (D:3)
  A hydra (Swamp:4)
  2 centaur warriors
  A naga sharpshooter (Snake:3)
  A shock serpent (Snake:4)
  2 deep elf magi
  2 shambling mangroves
  4 deep elf archers
  A hornet (Swamp:3)
  A spiny frog (Lair:7)
  13 yaktaurs
  A fire drake (Lair:8)
  111 wandering mushrooms
  7 bog bodies
  A yak (D:9)
  A fire elemental (Elf:1)
  A warg (Orc:2)
  A wolf (Lair:4)
  Edmund (D:6)
  A naga (Snake:4)
  2 orc warriors
  3 wasps (Swamp:4)
  2 necrophages (D:8)
  2 centaurs (Vaults:1)
  A killer bee (D:6)
  A wasp zombie (D:10)
  A hell rat (Hell)
  A killer bee zombie (D:10)
  An ooze (shapeshifter) (Elf:3)
  4 orcs
  28 ballistomycetes
  10 bushes
  A fire vortex (Lair:4)
  38 fungi
  27 giant spores
  4 hyperactive ballistomycetes
  26 plants
  2120 toadstools
2438 creatures vanquished.

Grand Total: 4625 creatures vanquished

Notes
Turn   | Place    | Note
--------------------------------------------------------------
     0 | D:1      | M4edhros the Octopode Artificer began the quest for the Orb.
     0 | D:1      | Reached XP level 1. HP: 13/13 MP: 3/3
   117 | D:1      | Reached XP level 2. HP: 11/18 MP: 4/4
   584 | D:2      | Reached XP level 3. HP: 23/23 MP: 5/5
   967 | D:3      | Found an oddly glowing altar of Pakellas.
   968 | D:3      | Noticed a fire dragon
   987 | D:3      | Killed a fire dragon
  1123 | D:4      | Found Foamon's Weapon Emporium.
  1153 | D:4      | Reached XP level 4. HP: 21/28 MP: 6/6
  1183 | D:4      | Noticed a necrophage
  1222 | D:4      | Killed a necrophage
  1222 | D:4      | Reached skill level 4 in Stealth
  1222 | D:4      | Reached XP level 5. HP: 15/33 MP: 6/8
  1544 | D:4      | Reached skill level 5 in Stealth
  1544 | D:4      | Reached XP level 6. HP: 26/38 MP: 9/9
  1601 | D:4      | Found a white marble altar of Elyvilon.
  1715 | D:4      | Found a radiant altar of Vehumet.
  1884 | D:5      | Entered Level 5 of the Dungeon
  2145 | D:5      | Reached skill level 6 in Stealth
  2299 | D:5      | Reached XP level 7. HP: 29/43 MP: 10/10
  2524 | D:5      | Reached skill level 5 in Dodging
  2636 | D:5      | Reached skill level 5 in Evocations
  3026 | D:5      | Reached skill level 7 in Stealth
  3060 | D:5      | Found a staircase to the Ecumenical Temple.
  3071 | D:5      | Reached XP level 8. HP: 35/48 MP: 12/12
  3085 | Temple   | Entered the Ecumenical Temple
  3103 | Temple   | Became a worshipper of Xom the Random Number God
  3136 | Temple   | Fell from the grace of Xom
  3136 | Temple   | Became a worshipper of Fedhas Madash
  3854 | D:2      | Reached * piety under Fedhas
  3885 | D:2      | Found a shadowy altar of Dithmenos.
  3966 | D:2      | Found a bloodstained altar of Trog.
  3969 | D:2      | Reached skill level 8 in Stealth
  5125 | D:5      | Reached skill level 1 in Slings
  5200 | D:6      | Reached skill level 1 in Invocations
  5208 | D:6      | Noticed Grinder
  5305 | D:6      | Paralysed by Grinder for 5 turns
  5312 | D:6      | Killed Grinder
  5430 | D:6      | XOM: mild Tloc miscast
  5486 | D:6      | Noticed Eustachio
  5490 | D:6      | Noticed Edmund
  5505 | D:6      | Your ally died
  5509 | D:6      | Reached skill level 9 in Stealth
  5523 | D:6      | Found Xint's Weapon Shop.
  5536 | D:6      | Killed a killer bee
  5550 | D:6      | Killed Eustachio
  5550 | D:6      | Reached XP level 9. HP: 8/53 MP: 4/13
  5733 | D:6      | Found a glowing golden altar of the Shining One.
  5751 | D:6      | Bought a +2 hunting sling of evasion for 138 gold pieces
  5897 | D:6      | Found a snail-covered altar of Cheibriados.
  5974 | D:6      | Found Fiugoo's Distillery.
  5982 | D:6      | Bought a potion of heal wounds for 60 gold pieces
  6077 | D:6      | Found Eskugumo's Antique Weapon Emporium.
  6134 | D:6      | Found a deep blue altar of Sif Muna.
  6208 | D:6      | Found Dinokaum's Antique Armour Shoppe.
  6238 | D:6      | Reached ** piety under Fedhas
  6542 | D:7      | Noticed a troll
  6553 | D:7      | Killed a troll
  6747 | D:7      | Found an ancient bone altar of Kikubaaqudgha.
  6881 | D:7      | XOM: give mutation
  6881 | D:7      | Gained mutation: You occasionally shout uncontrollably at your foes. [Xom's mischief]
  7095 | D:7      | Reached skill level 5 in Invocations
  7098 | D:7      | XOM: summons 5 hostile demons
  7153 | D:7      | Found a shattered altar of Ashenzari.
  7402 | D:7      | Reached skill level 5 in Slings
  7525 | D:8      | Found Qekusurch's Antique Weapon Emporium.
  7599 | D:8      | Reached *** piety under Fedhas
  7782 | D:8      | Found a glowing golden altar of the Shining One.
  7784 | D:8      | Noticed an angel
  7865 | D:8      | XOM: mild Hex miscast
  7880 | D:8      | Found a stormy altar of Qazlal.
  7899 | D:8      | Found an iron altar of Okawaru.
  7951 | D:8      | Found a basalt altar of Yredelemnul.
  7970 | D:8      | Noticed a profane servitor
  8013 | D:8      | Found a flagged portal.
  8049 | Bailey   | Entered a bailey
  8054 | Bailey   | Noticed an orc warlord
  8192 | Bailey   | Found a runed gate.
  8192 | Bailey   | Found a runed gate.
  8192 | Bailey   | Found a runed gate.
  8240 | Bailey   | Reached XP level 10. HP: 54/58 MP: 14/14
  8430 | Bailey   | Killed an orc warlord
  8781 | D:9      | Noticed Ijustatesigmund's ghost (novice DsFi)
  8807 | D:9      | Killed Ijustatesigmund's ghost
  8864 | D:9      | Noticed Psyche
  8873 | D:9      | Killed Psyche
  8889 | D:9      | Found an ancient bone altar of Kikubaaqudgha.
  9156 | D:9      | Found a burning altar of Makhleb.
  9177 | D:9      | Gained mutation: Scrolls take you a little longer to read. [mutagenic meat]
  9178 | D:9      | Gained mutation: You passively map a small area around you. [mutagenic meat]
  9179 | D:9      | Gained mutation: Your muscles are strong. (Str +2) [mutagenic meat]
  9220 | D:9      | XOM: harmless Air miscast
  9274 | D:9      | Reached **** piety under Fedhas
  9534 | D:9      | Found Tazxacw's Jewellery Emporium.
  9843 | D:9      | Reached XP level 11. HP: 60/63 MP: 17/17
 10028 | D:10     | Entered Level 10 of the Dungeon
 10282 | D:10     | XOM: harmless Chrm miscast
 10312 | D:10     | Noticed a purple ugly thing
 10326 | D:10     | Killed a purple ugly thing
 11100 | D:11     | Reached skill level 1 in Shields
 11159 | D:11     | Found a staircase to the Lair.
 11404 | D:11     | XOM: noise
 11574 | D:11     | Reached ***** piety under Fedhas
 11819 | D:12     | Noticed Azrael
 11909 | D:12     | Noticed a hill giant
 11923 | D:12     | Killed a hill giant
 12025 | D:12     | Noticed Nessos
 12047 | D:12     | Killed Nessos
 12047 | D:12     | Reached skill level 10 in Invocations
 12081 | D:12     | Noticed Harold
 12125 | D:12     | Killed Harold
 12347 | D:12     | Found a staircase to the Orcish Mines.
 12347 | D:12     | Noticed a cyclops
 12375 | D:12     | Killed a cyclops
 12477 | D:12     | XOM: medium Ice miscast
 12502 | D:12     | Reached XP level 12. HP: 37/72 MP: 16/19
 12859 | D:13     | XOM: medium Pois miscast
 12924 | D:13     | Found Zuullut's Jewellery Shoppe.
 13076 | Orc:1    | Entered Level 1 of the Orcish Mines
 13076 | Orc:1    | Noticed Uberwunderbarhen's ghost (journeyman OpTm)
 13122 | D:12     | XOM: mild Erth miscast
 13150 | Lair:1   | Entered Level 1 of the Lair of Beasts
 13174 | Lair:1   | XOM: medium Erth miscast
 13211 | Lair:1   | Noticed a four-headed hydra
 13213 | Lair:1   | HP: 1/73 [four-headed hydra (5)]
 13222 | Lair:1   | Killed a four-headed hydra
 13566 | Lair:1   | Reached skill level 10 in Slings
 13578 | Lair:1   | Reached skill level 10 in Dodging
 13768 | Lair:1   | Found an oddly glowing altar of Pakellas.
 13828 | Lair:1   | XOM: noise
 14960 | Lair:2   | Reached skill level 11 in Invocations
 15175 | Lair:2   | Identified a +0 rod of inaccuracy (10/10) (You found it on level 2 of the Lair of Beasts)
 15232 | Lair:3   | Noticed Fannar
 15244 | Lair:3   | Killed Fannar
 15448 | Lair:3   | Found a shimmering altar of Xom.
 15977 | Lair:3   | Reached skill level 10 in Evocations
 15977 | Lair:3   | Reached XP level 13. HP: 79/79 MP: 21/21
 16688 | Lair:3   | XOM: medium Necr miscast
 16756 | Lair:3   | Found a staircase to the Swamp.
 16962 | Lair:4   | Noticed Sonja
 16973 | Lair:4   | Reached skill level 12 in Evocations
 17056 | Lair:4   | XOM: give mutations
 17056 | Lair:4   | Lost mutation: Scrolls take you a little longer to read. [Xom's mischief]
 17056 | Lair:4   | Lost mutation: Your muscles are strong. (Str +2) [Xom's mischief]
 17056 | Lair:4   | Lost mutation: You occasionally shout uncontrollably at your foes. [Xom's mischief]
 17078 | Lair:4   | XOM: mild Summ miscast
 17168 | Lair:4   | Killed Sonja
 17171 | Lair:4   | XOM: noise
 17189 | Lair:4   | Found a staircase to the Snake Pit.
 17285 | Lair:4   | XOM: give mutations
 17285 | Lair:4   | Gained mutation: You are resistant to hostile enchantments. [Xom's mischief]
 17285 | Lair:4   | Gained mutation: You are clumsy. (Dex -2) [Xom's mischief]
 17285 | Lair:4   | Gained mutation: Scrolls take you a little longer to read. [Xom's mischief]
 17285 | Lair:4   | Gained mutation: You are dopey. (Int -2) [Xom's mischief]
 17292 | Lair:4   | Reached ****** piety under Fedhas
 17406 | Lair:4   | Learned a level 4 spell: Leda's Liquefaction
 17678 | Lair:4   | Reached skill level 1 in Earth Magic
 17753 | Lair:4   | XOM: polymorph wandering mushroom -> wandering mushroom
 17781 | Lair:4   | Reached skill level 1 in Spellcasting
 17819 | Lair:4   | XOM: mild Erth miscast
 17939 | Lair:4   | XOM: mild Divn miscast
 18093 | Lair:4   | XOM: give mutations
 18093 | Lair:4   | Gained mutation: Scrolls take you longer to read. [Xom's mischief]
 18093 | Lair:4   | Gained mutation: Your body sometimes deteriorates upon taking damage. [Xom's mischief]
 18093 | Lair:4   | Gained mutation: You are very clumsy. (Dex -4) [Xom's mischief]
 18093 | Lair:4   | Was forgiven by Xom
 18217 | Lair:4   | Reached skill level 13 in Evocations
 18275 | Lair:5   | Noticed Snorg
 18306 | Lair:5   | Killed Snorg
 18372 | Lair:5   | Learned a level 6 spell: Deflect Missiles
 19601 | Lair:6   | Reached XP level 14. HP: 76/85 MP: 24/24
 19603 | Lair:6   | Noticed Josephine
 19610 | Lair:6   | Killed Josephine
 19794 | Lair:6   | Reached skill level 10 in Stealth
 20125 | Lair:6   | Reached skill level 14 in Evocations
 20585 | Lair:7   | Found a labyrinth entrance.
 20597 | Lab      | Entered a labyrinth
 21086 | Lab      | Reached skill level 5 in Earth Magic
 21555 | Lab      | Got a glittering graven amulet
 21558 | Lab      | Identified the amulet "Qouzuu" {Harm *Drain Slay+2} (You found it in a labyrinth)
 21571 | Lab      | Lost mutation: You are dopey. (Int -2) [potion of cure mutation]
 21571 | Lab      | Lost mutation: You are very clumsy. (Dex -4) [potion of cure mutation]
 21571 | Lab      | Lost mutation: You are clumsy. (Dex -2) [potion of cure mutation]
 21571 | Lab      | Lost mutation: Your body sometimes deteriorates upon taking damage. [potion of cure mutation]
 22354 | Lair:8   | Entered Level 8 of the Lair of Beasts
 22478 | Lair:8   | Got a sparkling golden ring
 22523 | Lair:8   | Identified the ring "Ywed" {rCorr Dex+5} (You found it on level 8 of the Lair of Beasts)
 22721 | Lair:8   | Found a staircase to the Slime Pits.
 23121 | Lair:8   | Reached XP level 15. HP: 75/90 MP: 26/26
 23187 | Lair:8   | Reached skill level 5 in Spellcasting
 23187 | Lair:8   | Reached skill level 15 in Evocations
 24084 | D:12     | Killed Azrael
 24526 | Orc:1    | Killed Uberwunderbarhen's ghost
 24793 | D:8      | Got a warped short sword
 24794 | D:8      | Identified the cursed +2 short sword of Xyfontae {pain, Fragile rElec Str+9 Dex+4} (You found it on level 8 of the Dungeon)
 25066 | Orc:2    | Entered Level 2 of the Orcish Mines
 25089 | Orc:2    | Found a staircase to the Elven Halls.
 25297 | Orc:2    | Found Beuz's Distillery.
 25297 | Orc:2    | Found Udisoh Tamn's Jewellery Emporium.
 25298 | Orc:2    | Found Itruucasm's Weapon Shoppe.
 25298 | Orc:2    | Found Muosat's General Store.
 25823 | Elf:1    | Entered Level 1 of the Elven Halls
 25832 | Elf:1    | Reached skill level 1 in Charms
 26051 | Elf:1    | Reached skill level 1 in Air Magic
 26237 | Elf:1    | Found Feesh's General Store.
 26748 | Elf:1    | Reached skill level 16 in Evocations
 27203 | Elf:2    | Reached XP level 16. HP: 82/95 MP: 23/28
 27414 | Elf:3    | Entered Level 3 of the Elven Halls
 27457 | Elf:3    | Reached skill level 15 in Stealth
 27900 | Elf:3    | Noticed a deep elf blademaster
 28013 | Elf:3    | Noticed a deep elf master archer
 28015 | Elf:3    | Killed a deep elf blademaster
 28024 | Elf:3    | Killed a deep elf master archer
 28674 | Elf:3    | Noticed a deep elf blademaster
 28674 | Elf:3    | Reached skill level 5 in Air Magic
 29007 | Elf:3    | Noticed a deep elf master archer
 29018 | Elf:3    | Killed a deep elf master archer
 29018 | Elf:3    | Reached skill level 5 in Charms
 29174 | Elf:3    | Reached skill level 17 in Evocations
 29174 | Elf:3    | Reached XP level 17. HP: 100/100 MP: 29/29
 29314 | Elf:3    | Killed a deep elf blademaster
 30215 | Elf:3    | Got a flickering tin ring
 30216 | Elf:3    | Identified the ring "Wosorhyr" {MP+9 Str+10 Dex-4} (You took it off a deep elf elementalist on level 3 of the Elven Halls)
 30222 | Elf:3    | Got a blackened falchion {slice}
 30230 | Elf:3    | Got a shimmering lead ring
 30232 | Elf:3    | Identified the ring "Tewacril" {rPois rN+ Int+3} (You took it off a deep elf annihilator on level 3 of the Elven Halls)
 30250 | Elf:3    | Noticed an Executioner
 30426 | Elf:3    | Identified the +6 falchion "Huttuf" {slice, MP+9} (You took it off a deep elf mage on level 3 of the Elven Halls)
 30764 | Elf:3    | Gained mutation: Your natural rate of healing is unusually fast. [mutagenic meat]
 31112 | Elf:3    | Upgraded the game from 0.18-a0-1203-gbde16db to 0.18-a0-1211-g828307d
 31132 | Elf:2    | Got a scorched mace
 31133 | Elf:2    | Identified the +3 mace of Fienoje {drain, Int+5} (You found it on level 2 of the Elven Halls)
 31526 | Elf:2    | Reached skill level 1 in Staves
 31564 | Elf:2    | Found a huge runed gate.
 31564 | Elf:2    | Found a huge runed gate.
 31565 | Elf:2    | Found a huge runed gate.
 31595 | Elf:2    | Found a huge runed gate.
 31598 | Elf:2    | Found a huge runed gate.
 31694 | Elf:2    | Reached skill level 5 in Shields
 31919 | Elf:2    | Noticed Donald
 31922 | Elf:2    | Killed Donald
 31940 | Elf:2    | Noticed a deep elf blademaster
 31946 | Elf:2    | Killed a deep elf blademaster
 32314 | Elf:2    | Reached XP level 18. HP: 108/108 MP: 30/30
 32566 | Elf:1    | Noticed Asterion
 32595 | Elf:1    | Killed Asterion
 33057 | Elf:1    | Identified the Tome of Arcane Weapons and the Blaze
 33987 | Orc:2    | Bought a potion of curing for 33 gold pieces
 33987 | Orc:2    | Bought a potion of berserk rage for 55 gold pieces
 33987 | Orc:2    | Bought a potion of heal wounds for 55 gold pieces
 33987 | Orc:2    | Bought a potion of agility for 44 gold pieces
 33997 | Orc:2    | Bought the ring of Ryghazua {rElec Str+8 Slay+1 Stlth+} for 554 gold pieces
 34187 | D:6      | Bought a potion of heal wounds for 60 gold pieces
 34187 | D:6      | Bought a potion of beneficial mutation for 420 gold pieces
 34187 | D:6      | Bought a potion of haste for 120 gold pieces
 34247 | D:9      | Bought a +5 ring of dexterity for 576 gold pieces
 34341 | Swamp:1  | Entered Level 1 of the Swamp
 34978 | Swamp:2  | Noticed Roxanne
 34984 | Swamp:2  | Killed Roxanne
 34998 | Swamp:2  | Learned a level 6 spell: Statue Form
 35154 | Swamp:2  | Reached skill level 1 in Transmutations
 35418 | Swamp:2  | Got a slimy long sword
 35419 | Swamp:2  | Identified the +11 long sword of the Hall of Blades {distort, Str+3} (You found it on level 2 of the Swamp)
 35586 | Swamp:2  | Noticed Jorgrun
 35594 | Swamp:2  | Killed Jorgrun
 36203 | Swamp:3  | Reached skill level 10 in Shields
 37249 | Swamp:4  | Entered Level 4 of the Swamp
 37263 | Swamp:4  | Noticed Mara
 37270 | Swamp:4  | Noticed M4edhros's illusion
 37573 | Swamp:4  | Noticed the 27-headed Lernaean hydra
 37580 | Swamp:4  | Killed the 27-headed Lernaean hydra
 37796 | Swamp:4  | Reached XP level 19. HP: 107/112 MP: 31/31
 37958 | Swamp:4  | Noticed M4edhros's illusion
 37977 | Swamp:4  | Killed Mara
 38078 | Swamp:4  | Reached skill level 5 in Transmutations
 38204 | Swamp:4  | Got a decaying rune of Zot
 38720 | Swamp:4  | Learned a level 6 spell: Iron Shot
 38988 | Snake:1  | Entered Level 1 of the Snake Pit
 39002 | Snake:1  | Reached skill level 5 in Fighting
 39486 | Snake:1  | Noticed Aizul
 39528 | Snake:1  | Killed Aizul
 40560 | Snake:2  | Reached skill level 10 in Earth Magic
 41746 | Snake:3  | Noticed Norris
 41757 | Snake:3  | Killed Norris
 42262 | Snake:4  | Entered Level 4 of the Snake Pit
 42281 | Snake:4  | Drew Focus: Int increased to 23, Str decreased to 10
 42284 | Snake:4  | Lost mutation: Scrolls take you longer to read. [helix card]
 42284 | Snake:4  | Gained mutation: You are occasionally teleported next to monsters. [helix card]
 42285 | Snake:4  | Drew Focus: Int increased to 24, Str decreased to 9
 42290 | Snake:4  | Gained mutation: Your muscles are strong. (Str +2) [helix card]
 42291 | Snake:4  | Lost mutation: Scrolls take you a little longer to read. [helix card]
 42292 | Snake:4  | Lost mutation: You passively map a small area around you. [helix card]
 42292 | Snake:4  | Lost mutation: You are resistant to hostile enchantments. [helix card]
 42706 | Snake:4  | Reached XP level 20. HP: 125/125 MP: 32/32
 42758 | Snake:4  | Found Bihopith's Assorted Antiques.
 43686 | Snake:4  | Got a serpentine rune of Zot
 44563 | D:13     | Gained mutation: You are agile. (Dex +2) [mutagenic meat]
 44564 | D:13     | Gained mutation: Potions and wands are less effective at restoring your health. [mutagenic meat]
 44565 | D:13     | Gained mutation: Your muscles are very strong. (Str +4) [mutagenic meat]
 44566 | D:13     | Gained mutation: You are partially covered in yellow scales (AC +2). [mutagenic meat]
 44842 | D:13     | Gained mutation: You are robust (+10% HP). [mutagenic meat]
 45050 | D:13     | Noticed Urug
 45063 | D:13     | Killed Urug
 45340 | D:14     | Noticed Frances
 45353 | D:14     | Killed Frances
 45764 | D:14     | Found a gate to the Vaults.
 45842 | D:15     | Entered Level 15 of the Dungeon
 46286 | D:15     | Gained mutation: You are partially covered in large bone plates (AC +2, SH +2). [mutagenic meat]
 46396 | D:15     | Reached skill level 10 in Charms
 46401 | D:15     | Found a staircase to the Depths.
 46609 | D:15     | Gained mutation: You are dopey. (Int -2) [mutagenic meat]
 46776 | D:15     | Gained mutation: You have a pair of small antennae on your head. [mutagenic meat]
 46777 | D:15     | Gained mutation: Your flesh is heat resistant. [mutagenic meat]
 46999 | Depths:1 | Entered Level 1 of the Depths
 47048 | Depths:1 | Found a gateway to a ziggurat.
 47506 | Depths:1 | Found a gateway to Hell.
 47980 | Depths:1 | Lost mutation: You are robust (+10% HP). [potion of cure mutation]
 47980 | Depths:1 | Lost mutation: Your muscles are very strong. (Str +4) [potion of cure mutation]
 47980 | Depths:1 | Lost mutation: You are agile. (Dex +2) [potion of cure mutation]
 47980 | Depths:1 | Lost mutation: You are occasionally teleported next to monsters. [potion of cure mutation]
 47981 | Depths:1 | Gained mutation: You are partially covered in rough black scales (AC +4, Dex -1). [potion of beneficial mutation]
 47982 | Depths:1 | Lost mutation: You are dopey. (Int -2) [potion of beneficial mutation]
 47983 | Depths:1 | Gained mutation: Your spells are a little harder to cast, but a little more powerful. [potion of beneficial mutation]
 47984 | Depths:1 | Gained mutation: You evolve. [potion of beneficial mutation]
 48110 | Depths:2 | Reached XP level 21. HP: 129/135 MP: 33/33
 48178 | Depths:2 | Noticed Saint Roka
 48198 | Depths:2 | Killed Saint Roka
 48381 | Depths:2 | Reached skill level 18 in Evocations
 48868 | Depths:2 | Noticed Wiglaf
 48908 | Depths:2 | Killed Wiglaf
 48998 | Depths:2 | Found a one-way gate leading to the halls of Pandemonium.
 49211 | Hell     | Entered the Vestibule of Hell
 49211 | Hell     | Noticed Geryon
 49307 | Depths:2 | Reached skill level 10 in Fighting
 50026 | Depths:3 | Noticed a juggernaut
 50130 | Depths:1 | Gained mutation: Scrolls take you a little longer to read. [mutagenic meat]
 50132 | Depths:1 | Lost mutation: You are partially covered in yellow scales (AC +2). [mutagenic meat]
 50134 | Depths:1 | Lost mutation: Your flesh is heat resistant. [mutagenic meat]
 50135 | Depths:1 | Gained mutation: You are agile. (Dex +2) [mutagenic meat]
 50325 | Vaults:1 | Entered Level 1 of the Vaults
 50353 | Vaults:1 | Reached skill level 10 in Transmutations
 50599 | Vaults:1 | Lost mutation: You are agile. (Dex +2) [mutagenic meat]
 50602 | Vaults:1 | Gained mutation: You are covered in fur (AC +1). [mutagenic meat]
 50935 | Vaults:1 | Gained mutation: You are mostly covered in large bone plates (AC +3, SH +3). [mutagenic meat]
 50970 | Vaults:1 | Gained mutation: You passively map a small area around you. [evolution]
 51457 | Vaults:1 | Noticed a caustic shrike
 51469 | Vaults:1 | Killed a caustic shrike
 51688 | Vaults:2 | Reached XP level 22. HP: 134/146 MP: 35/35
 51884 | Vaults:2 | Reached skill level 19 in Evocations
 52256 | Vaults:2 | Found a staircase to the Crypt.
 52384 | Vaults:2 | Lost mutation: Your spells are a little harder to cast, but a little more powerful. [mutagenic meat]
 52385 | Vaults:2 | Lost mutation: Your muscles are strong. (Str +2) [mutagenic meat]
 53041 | Vaults:3 | Found Macus's Antique Armour Emporium.
 53285 | Vaults:3 | Reached skill level 10 in Spellcasting
 53457 | Vaults:3 | Lost mutation: Scrolls take you a little longer to read. [mutagenic meat]
 53458 | Vaults:3 | Gained mutation: One of your tentacles bears a spike. [mutagenic meat]
 53571 | Vaults:3 | Gained mutation: You are resistant to hostile enchantments. [mutagenic meat]
 54615 | Vaults:4 | Reached skill level 20 in Evocations
 54620 | Vaults:4 | Reached XP level 23. HP: 158/158 MP: 36/37
 54675 | Vaults:4 | Gained mutation: Your muscles are strong. (Str +2) [mutagenic meat]
 54808 | Vaults:4 | Lost mutation: Potions and wands are less effective at restoring your health. [mutagenic meat]
 54810 | Vaults:4 | Lost mutation: You passively map a small area around you. [mutagenic meat]
 54864 | Vaults:4 | Gained mutation: You are robust (+10% HP). [mutagenic meat]
 54866 | Vaults:4 | Lost mutation: One of your tentacles bears a spike. [mutagenic meat]
 54867 | Vaults:4 | Lost mutation: Your muscles are strong. (Str +2) [mutagenic meat]
 54871 | Vaults:4 | Gained mutation: You are weak. (Str -2) [mutagenic meat]
 54874 | Vaults:4 | Lost mutation: You evolve. [mutagenic meat]
 55326 | Vaults:5 | Entered Level 5 of the Vaults
 55405 | Vaults:5 | Noticed an ancient lich
 55421 | Vaults:5 | Killed an ancient lich
 55634 | Vaults:5 | Reached skill level 21 in Evocations
 55653 | Vaults:5 | Noticed a golden dragon
 55671 | Vaults:5 | Killed a golden dragon
 55686 | Vaults:5 | Reached skill level 15 in Fighting
 55902 | Vaults:5 | Reached XP level 24. HP: 184/184 MP: 38/38
 56566 | Vaults:5 | Got a sparkling diamond amulet
 56611 | Vaults:5 | Identified the amulet "Ereargh" {Inacc rC+} (You found it on level 5 of the Vaults)
 56642 | Vaults:5 | Got a silver rune of Zot
 57078 | Vaults:5 | Reached skill level 1 in Throwing
 57240 | Vaults:3 | Reached skill level 1 in Conjurations
 57856 | Depths:3 | Lost mutation: You are resistant to hostile enchantments. [mutagenic meat]
 57861 | Depths:3 | Lost mutation: You are covered in fur (AC +1). [mutagenic meat]
 57862 | Depths:3 | Lost mutation: You are weak. (Str -2) [mutagenic meat]
 57863 | Depths:3 | Gained mutation: You have an increased reservoir of magic (+10% MP). [mutagenic meat]
 57864 | Depths:3 | Lost mutation: Your natural rate of healing is unusually fast. [mutagenic meat]
 58003 | Depths:3 | Paralysed by a vampire knight for 4 turns
 58004 | Depths:3 | HP: 9/240 [white very ugly thing (21)]
 58004 | Depths:3 | Slain by a vampire knight

Vault maps used:
D:1:      saegor_arrival_simple_b
D:2:      lemuel_crystal_altar, lemuel_coloured_pillars_altar
D:3:      gammafunk_pakellas_spire_experiment
D:4:      vehumet_crystals, kennysheep_mini, first_bread, serial_shops,
          kennysheep_mini_moat
D:5:      minmay_temple_entry_enclosed_plants
D:6:      kennysheep_little_box, marbit_many_paths, basic_altar, serial_shops,
          nicolae_shop_temple_entry_statues_fountains, shop, shop, shop,
          uniq_edmund, uniq_grinder, uniq_eustachio
D:7:      evilmike_ruin_ashenzari, basic_altar, grunt_livestock
D:8:      grunt_temple_overflow_holy_war, nicolae_overflow_hidden_temple,
          old_standard_altar, enter_bailey_2, serial_shops,
          nicolae_shop_waterfront
D:9:      kiku_gazebo_pond_becter, lemuel_doored_altar, serial_shops,
          nicolae_shop_trees, grunt_potential, uniq_psyche
D:11:     minmay_lair_entry_grove
D:12:     david_orc_1_choice, uniq_nessos, uniq_harold, uniq_azrael
D:13:     serial_shops, nicolae_shop_statue_plus, uniq_urug
D:14:     grunt_vaults_entry_fortified, nrook_uturn, uniq_frances
D:15:     gammafunk_enter_depths_forms, serial_park_square2
Temple:   hc_temple_tempest_star_small
Lair:1:   basic_altar, minivault_11, grunt_megastairs_2
Lair:2:   bh_autumn_forest_stairs
Lair:3:   mu_elephants_graveyard, swamp_mist_pool, lemuel_centaur_altar,
          lemuel_fruit_fields, uniq_fannar
Lair:4:   beast_lair_carwin_large_1, guppyfry_snake_entry_garden,
          grunt_forest_small_clearing_treed, uniq_sonja
Lair:5:   boulder_quad_collide, grunt_megastairs_4, uniq_snorg
Lair:6:   beast_lair_carwin_5, uniq_josephine
Lair:7:   lab_entry_generic
Lair:8:   grunt_lair_end_beastmaster, minmay_slime_entry_oklob_open,
          infiniplex_staircase_pool_2, lemuel_fruit_fields
Swamp:1:  evilmike_swamp_ruin_rubble_2
Swamp:2:  evilmike_swamp_ruin_house_1, swamp_pool1, uniq_jorgrun, uniq_roxanne
Swamp:3:  nicolae_swamp_round_clearing, swamp_pool5
Swamp:4:  swamp_old_school, uniq_mara
Snake:1:  grunt_megastairs_3, uniq_aizul
Snake:2:  grunt_ministairs_8, st_stairs_2
Snake:3:  nicolae_large_snake_swirl, uniq_norris
Snake:4:  snake_pit, serial_shops, shop
Orc:2:    st_orc_ogre_mass
Elf:1:    minmay_elf_arrival_plus, serial_shops, nicolae_shop_crystal,
          minmay_elf_annihilation, minmay_fountain_box, minivault_27,
          uniq_asterion
Elf:2:    corexii_hall_statues_i, uniq_donald
Elf:3:    elf_hall, moated_statue, solitary_fountain
Vaults:1: hangedman_vaults_cutoff, hangedman_vaults_nails, v_misc_12,
          v_alt_pattern_5, v_misc_13, nicolae_vaults_three_branches,
          dpeg_vaults_waves, v_rooms_4, vaults_room_hallway,
          nicolae_vaults_shelves_hall, nicolae_vaults_little_squares_3,
          ontoclasm_vaults_pinch
Vaults:2: st_diamondy, minmay_crypt_entry_simple_corners, v_misc_27,
          hangedman_vaults_corner, vaults_room_grid, v_misc_11, v_rooms_3,
          nicolae_vaults_mini_display_case, hangedman_vaults_maws
Vaults:3: vaults_room_door_hall, vaults_mumra_hexcomb, grunt_vaults_swirl,
          vaults_room_door_ring, nicolae_vaults_shelves_hall, v_misc_23,
          grunt_vaults_hallway_long, nicolae_vaults_little_squares_4,
          nicolae_vaults_alarming, ontoclasm_vaults_spin, serial_shops,
          nicolae_shop_trees
Vaults:4: nicolae_vaults_lopsided_apartments, v_alt_pattern_3,
          nicolae_vaults_border_crossing, v_misc_26, v_misc_32,
          vaults_room_corners, v_rooms_4, ontoclasm_vaults_twist,
          ontoclasm_vaults_idyll
Depths:1: enter_ziggurat_d, minmay_misc_feat_five, hellmouth_3,
          kennysheep_small_square
Depths:2: onia_ninara_swampy_vault, hell_entry, rand_demon_pan_entry_7,
          serial_bayou_pond_c, uniq_saint_roka, uniq_wiglaf
Depths:3: evilmike_hourglass, kennysheep_flooded_box, hell_entry, pan_entry,
          infiniplex_staircase_zigzag_2
Lab:      labyrinth_hidden_loot, labyrinth_lava_lair, nicolae_lab_statue,
          nicolae_lab_flowing_pool, nicolae_lab_blocks,
          nicolae_lab_checkerboard, nicolae_lab_arrow, nicolae_lab_garden
Bailey:   bailey_axe_bossmonster_kennysheep, bailey

Action                   |  1- 3 |  4- 6 |  7- 9 | 10-12 | 13-15 | 16-18 | 19-21 | 22-24 || total
-------------------------+-------+-------+-------+-------+-------+-------+-------+-------++-------
Melee: Short sword       |    13 |       |       |       |       |       |       |       ||    13
       Spear             |    73 |    70 |   201 |       |       |       |       |       ||   344
       Hunting sling     |       |       |    31 |    14 |       |       |     3 |       ||    48
       Trident           |       |       |       |   216 |   210 |       |       |       ||   426
       Dagger            |       |       |       |    14 |       |       |       |       ||    14
       Rod               |       |       |       |     3 |    53 |       |    10 |     2 ||    68
       Rapier            |       |       |       |       |    12 |     5 |       |       ||    17
       Staff             |       |       |       |       |       |   190 |   523 |   700 ||  1413
 Fire: Hunting sling     |       |       |   291 |   796 |   825 |   659 |  1601 |   481 ||  4653
       Blowgun           |       |       |       |       |     2 |    17 |     4 |       ||    23
 Cast: Leda's Liquefacti |       |       |       |       |       |     1 |       |     1 ||     2
       Deflect Missiles  |       |       |       |       |       |       |     2 |     1 ||     3
       Statue Form       |       |       |       |       |       |       |    10 |    14 ||    24
Invok: Evolution         |       |       |    10 |    12 |    20 |    22 |    43 |    35 ||   142
       Sunlight          |       |       |       |    12 |    66 |    73 |    72 |    17 ||   240
       Reproduction      |       |       |       |       |     6 |     9 |     2 |    15 ||    32
       Rain              |       |       |       |       |     2 |     8 |     2 |     6 ||    18
       Growth            |       |       |       |       |       |       |       |     3 ||     3
Evoke: Wand              |       |     9 |    33 |    32 |    10 |    33 |     4 |     2 ||   123
       Rod               |       |       |       |    29 |   196 |   228 |   177 |    42 ||   672
       Phial of floods   |       |       |       |       |     2 |     5 |     3 |     3 ||    13
       Box of beasts     |       |       |       |       |       |     1 |     3 |     3 ||     7
       Deck              |       |       |       |       |       |       |    10 |       ||    10
       Fan of gales      |       |       |       |       |       |       |     3 |     2 ||     5
  Use: Scroll            |       |       |    17 |    16 |    14 |    18 |     9 |     9 ||    83
       Potion            |       |       |     7 |     9 |     6 |    10 |     9 |     1 ||    42
 Stab: Sleeping          |    11 |     5 |    25 |     7 |     2 |     9 |    29 |    30 ||   118
       Paralysed         |       |     3 |       |       |       |       |       |       ||     3
       Distracted        |       |       |     4 |     1 |     1 |       |    11 |     2 ||    19
       Confused          |       |       |       |       |     3 |       |     8 |     2 ||    13
       Invisible         |       |       |       |       |       |     2 |       |       ||     2
  Eat: Chunk             |     1 |     3 |     4 |     4 |    14 |     2 |    42 |    37 ||   107
       Beef jerky        |       |       |     1 |     3 |     1 |       |     1 |       ||     6
       Royal jelly       |       |       |     1 |     1 |       |       |     4 |       ||     6
       Pizza             |       |       |     1 |       |     4 |     3 |     1 |       ||     9
       Meat ration       |       |       |     2 |     5 |     4 |     8 |     4 |     5 ||    28
       Bread ration      |       |       |       |       |       |       |     3 |     1 ||     4
